 Dungeon Crawl Stone Soup version 0.17-a0-1133-gfb1399f (webtiles) character file.

23 Hanyuu the Insei (level 2, 0/18 HPs)
             Began as an Octopode Transmuter on May 25, 2015.
             Slain by a rat (2 damage)
             ... on level 1 of the Dungeon.
             The game lasted 00:01:40 (1047 turns).

Hanyuu the Insei (Octopode Transmuter)              Turns: 1047, Time: 00:01:40

Health: 0/18       AC:  1    Str:  9    XL:     2   Next: 95%
Magic:  5/5        EV: 12    Int: 15    God:
Gold:   71         SH:  0    Dex: 12    Spells: 1 memorised, 4 levels left

rFire  . . .     SeeInvis .       - Unarmed
rCold  . . .     Clarity  .     (no shield)
rNeg   . . .     SustAt   .     (helmet restricted)
rPois  .         Gourm    .     (no amulet)
rElec  .         Spirit   .     (no ring)
rCorr  .         Warding  .     (no ring)
rMut   .         Stasis   .     (no ring)
MR     .....                    (no ring)
Stlth  ++........               (no ring)
                                (no ring)
                                (no ring)
                                (no ring)

@: not resistant to hostile enchantments, unstealthy
A: almost no armour, amphibious, 8 rings, constrict 8, camouflage 1, gelatinous
body 1
a: no special abilities


You were on level 1 of the Dungeon.
You were not hungry.

You visited 1 branch of the dungeon, and saw 1 of its levels.

You collected 71 gold pieces.

Inventory:

Missiles
 a - 12 arrows
Scrolls
 d - a scroll of noise {unknown}
 j - a scroll of identify {unknown}
 m - a scroll of teleportation {unknown}
 n - a scroll of random uselessness {unknown}
Potions
 e - a potion of degeneration {unknown}
 f - a potion of curing {unknown}
 g - 2 potions of agility {unknown}
 h - a potion of flight {unknown}
 k - a potion of heal wounds {unknown}
Books
 b - a book of Changes

   Spells                             Type                      Level
   a - Beastly Appendage              Transmutation                1
   b - Sticks to Snakes               Transmutation                2
   c - Spider Form                    Transmutation/Poison         3
   d - Ice Form                       Ice/Transmutation            4
   e - Blade Hands                    Transmutation                5
Comestibles
 c - 2 bread rations
 i - a meat ration
 l - a chunk of flesh


   Skills:
 - Level 1.0 Fighting
 - Level 2.0 Dodging
 + Level 4.0 Unarmed Combat
 - Level 2.0 Spellcasting
 - Level 2.0 Transmutations


You had 4 spell levels left.
You knew the following spells:

 Your Spells              Type           Power        Failure   Level  Hunger
a - Beastly Appendage     Trmt           #.....       12%         1    #......


Dungeon Overview and Level Annotations

Branches:
Dungeon (1/15)

Altars:


Innate Abilities, Weirdness & Mutations

You cannot wear most types of armour.
You are amphibious.
You can wear up to eight rings at the same time.
You can use your tentacles to constrict eight enemies at once.
Your skin changes colour to match your surroundings (Stealth).
Your rubbery body absorbs attacks (AC +1).


Message History

The rat twitches its whiskers.
The rat bites you.
You closely miss the bat. Your grab misses the bat.
Your squeeze misses the bat.
The bat is severely wounded.
The bat hits you but does no damage. The ooze hits you.
The rat barely misses you.
You tentacle-slap the ooze.
The ooze is lightly wounded.
The bat closely misses you. The ooze hits you. The rat bites you.
* * * LOW HITPOINT WARNING * * *
You tentacle-slap the ooze.
The ooze is moderately wounded.
The bat hits you but does no damage. The ooze hits you.
* * * LOW HITPOINT WARNING * * *
The rat barely misses you.
You tentacle-slap the ooze but do no damage.
The ooze is moderately wounded.
The ooze barely misses you. The rat bites you.
You die...

###########
...........##### ####
................. ....
..........r...... ....
#.........@J.# ########
#.......?.b..# #......#
#............# #......#
#............# #......#
#.........>..#######......#
#.........>...............)
#............##............
#!...........##.####......#
##########................#


You could see an ooze, a bat and a rat.

Vanquished Creatures
  2 ball pythons (D:1)
  4 bats (D:1)
  A giant cockroach (D:1)
  5 hobgoblins (D:1)
  5 kobolds (D:1)
  A giant newt (D:1)
  A rat (D:1)
19 creatures vanquished.

Notes
Turn   | Place    | Note
--------------------------------------------------------------
     0 | D:1      | Hanyuu the Octopode Transmuter began the quest for the Orb.
     0 | D:1      | Reached XP level 1. HP: 13/13 MP: 3/3
   274 | D:1      | Reached XP level 2. HP: 18/18 MP: 5/5
   946 | D:1      | Reached skill level 4 in Unarmed Combat
  1047 | D:1      | Slain by a rat

Vault maps used:
D:1:      dpeg_arrival_tiny_f, minmay_misc_feat_square, hangedman_decor_push,
          item_on_display_a

Action                   || total
-------------------------++-------
Melee: Unarmed           ||    55
 Stab: Sleeping          ||     5
